 Dungeon Crawl Stone Soup version 0.27-a0-421-g7ddf969dea (webtiles) character file.

Game seed: 18089976505562390731

255 Anon1729 the Skirmisher (level 5, -1/42 HPs)
             Began as a Demonspawn Monk on Feb 26, 2021.
             Succumbed to an orc wizard's poison
             ... on level 3 of the Dungeon.
             The game lasted 00:05:03 (3960 turns).

Anon1729 the Skirmisher (Demonspawn Monk)           Turns: 3960, Time: 00:05:04

Health: -1/42      AC:  2    Str: 10 (12) XL:     5   Next: 91%
Magic:  7/7        EV: 14    Int: 15 (17) God:
Gold:   170        SH:  0    Dex: 14 (16) Spells: 7/7 levels left

rFire    . . .     SeeInvis .   a - +0 short sword
rCold    + . .     Faith    .   (no shield)
rNeg     . . .     Spirit   .   b - +0 robe
rPois    .         Reflect  .   (no helmet)
rElec    .         Harm     .   (no cloak)
rCorr    .         Rampage  .   (no gloves)
Will     .....                  (no boots)
Stlth    ++........             (no amulet)
HPRegen  0.14/turn              d - +6 ring of intelligence
MPRegen  0.10/turn              f - ring of protection from cold

@: lethally poisoned (-1 -> -26), attractive, very slightly contaminated,
invisible
A: hooves 1, powered by death 1
a: no special abilities


You were on level 3 of the Dungeon.
You visited 1 branch of the dungeon, and saw 3 of its levels.
You also visited: Sewer.

You collected 170 gold pieces.

Inventory:

Hand Weapons
 a - a +0 short sword (weapon)
Armour
 b - a +0 robe (worn)
Jewellery
 d - a +6 ring of intelligence (left hand)
 f - a ring of protection from cold (right hand)
 i - a ring of magical power
Scrolls
 e - 4 scrolls of identify {unknown}
 g - a scroll of blinking {unknown}
 h - 2 scrolls of noise {unknown}
 k - 6 scrolls of teleportation {unknown}
Potions
 l - a potion of degeneration


   Skills:
 + Level 4.2 Fighting
 - Level 3.6 Short Blades
 + Level 3.8 Dodging
 + Level 2.9 Stealth
 + Level 1.6 Spellcasting


You had 7 spell levels left.
You didn't know any spells.
Your spell library was empty.

Dungeon Overview and Level Annotations

Branches:
Dungeon (3/15)              Sewer (visited)

Altars:


Innate Abilities, Weirdness & Mutations

You have large cloven feet.
You regenerate a little health from kills.


Message History

You feel sick.
An orc comes into view. It is wielding a +0 dagger.
You feel sick.
You feel sick.
You feel sick.
You feel sick. The orc wizard casts a spell at you. The magic dart hits you!
* * * LOW HITPOINT WARNING * * *
You feel sick.
It was a potion of degeneration.
There was something very wrong with that liquid.
You feel weakened.
You feel dopey.
You feel clumsy.
* * * LOW HITPOINT WARNING * * *
You feel sick.
Unknown command.
It was a potion of attraction.
You feel attractive to monsters.
* * * LOW HITPOINT WARNING * * *
You feel sick.
The orc wizard hits you with a +2 dagger of venom.
* * * LOW HITPOINT WARNING * * *
You are more poisoned.
It was a potion of invisibility.
You fade into invisibility!
* * * LOW HITPOINT WARNING * * *
You feel sick.
The orc wizard hits you with a +2 dagger of venom.
* * * LOW HITPOINT WARNING * * *
You are very lightly contaminated with residual magic.
It was a potion of magic.
Magic courses through your body.
* * * LOW HITPOINT WARNING * * *
You feel sick.
The orc wizard hits you with a +2 dagger of venom.
* * * LOW HITPOINT WARNING * * *
You are more poisoned.
Unknown command.
You hit the orc wizard.
The orc wizard is almost dead.
You die...

####### #.....#
#.....##### #.....†...#
#.....###.# ##.....#
#.# ####.#####.#
...........#########
................@oo#
##.#####..########o#
...# #..# #.# #### #..#
#.# ########..# #o####
..........########.o.o#
####.÷..........#####o#
#......#####.# #
#.>##..# #.#


You could see an orc priest, an orc wizard and an orc.

Vanquished Creatures
  A bullfrog skeleton (D:3)
  A worker ant (D:2)
  Robin (D:3)
  7 adders
  4 oozes (Sewer)
  5 worms
  A dart slug (D:2)
  4 leopard geckos
  3 ball pythons
  16 bats
  5 giant cockroaches
  9 goblins
  6 hobgoblins
  7 jackals
  6 kobolds
  5 quokkas
  A frilled lizard (D:2)
  9 rats
91 creatures vanquished.

Notes
Turn   | Place    | Note
-------+----------+-------------------------------------------
     0 | D:1      | Anon1729 the Demonspawn Monk began the quest for the Orb.
     0 | D:1      | Reached XP level 1. HP: 18/18 MP: 1/1
   246 | D:1      | Gained mutation: You have large cloven feet. [demonic
                  | ancestry]
   246 | D:1      | Reached XP level 2. HP: 19/24 MP: 2/2
   601 | D:2      | Gained mutation: You regenerate a little health from kills.
                  | [demonic ancestry]
   601 | D:2      | Reached XP level 3. HP: 27/29 MP: 3/3
  1685 | D:2      | Reached XP level 4. HP: 36/36 MP: 4/4
  1918 | D:2      | HP: 1/37 [worker ant (3)]
  2108 | D:3      | Reached XP level 5. HP: 31/42 MP: 4/6
  2111 | D:3      | Reached skill level 1 in Spellcasting
  2177 | D:3      | Found a glowing drain.
  2217 | Sewer    | Entered a sewer
  2443 | Sewer    | Reached skill level 4 in Fighting
  3249 | D:3      | Noticed Robin
  3269 | D:3      | Killed Robin
  3959 | D:3      | HP: 2/42 [poisoned by an orc wizard]
  3960 | D:3      | Succumbed to an orc wizard's poison

Illustrated notes

Levels and vault maps discovered:
D:1:      amcnicky_arrival_flooded_fountain, layout_rooms
D:2:      layout_rooms
D:3:      layout_loops_ring, portal_sewer_entry_d,
          chequers_serial_rivers_small_3, uniq_robin

Skill      XL: |  1  2  3  4  5 |
---------------+----------------+-----
Short Blades   | 3 |  3.6
Dodging        | 3 |  3.8
Stealth        | 2 |  2.9
Spellcasting   | 1 |  1.6
Fighting       | 4 |  4.2

Action                   |  1- 3 |  4- 6 || total
-------------------------+-------+-------++-------
Melee: Short sword       |   126 |   231 ||   357
       Kick              |    24 |    60 ||    84
  Use: Potion            |     1 |     8 ||     9
 Stab: Sleeping          |     2 |     4 ||     6
Armor: Robe              |    40 |    65 ||   105
       Skin              |     6 |       ||     6
Dodge: Dodged            |   118 |   251 ||   369

Table legend: (Time is in decaauts)
 A = Elapsed time spent in this place.
 B = Non-inter-level travel time spent in this place.
 C = Inter-level travel time spent in this place.
 D = Time resting spent in this place.
 E = Time spent auto-exploring this place.
 F = Levels seen in this place.
 G = Mean time per level.
                   A        B        C        D        E       F      G
               +--------+--------+--------+--------+--------+-----+--------+
         Total |   4079 |   3988 |     91 |    488 |   2676 |   4 | 1019.8 |
       Dungeon |   3003 |   2912 |     91 |    281 |   2141 |   3 | 1001.0 |
         Sewer |   1076 |   1076 |      0 |    207 |    535 |   1 | 1076.0 |
               +--------+--------+--------+--------+--------+-----+--------+

Top non-repeatable levels by time:
     D:2: 1212 daAuts
   Sewer: 1076 daAuts
     D:3: 946 daAuts
     D:1: 843 daAuts
